 Dungeon Crawl Stone Soup version 0.32-a0-872-g59262bdc9b (webtiles) character file.

Game seed: 1337031495241047358

78402 ketsa the Warrior (level 15, -8/147 HPs)
             Began as a Minotaur Berserker on Mar 8, 2024.
             Was a High Priest of Trog.
             Mangled by a large slime creature (32 damage)
             ... on level 12 of the Dungeon on Mar 30, 2024.
             The game lasted 01:21:35 (22497 turns).

ketsa the Warrior (Minotaur Berserker)             Turns: 22497, Time: 01:21:36

Health: -8/147     AC: 13    Str: 31    XL:     15   Next: 18%
Magic:  14/14      EV:  5    Int: 10    God:    Trog [*****.]
Gold:   2113       SH: 11    Dex: 11    Spells: 14/14 levels left

rFire   . . .        A - +8 mace "Demon's Doom" {venom, *Noise +Blink rPois rN+++}
rCold   . . .        v - +0 kite shield
rNeg    + + +        Q - +1 ring mail of Pessimism {Regen+ Str+3 Int+4}
rPois   +            S - +1 hat {SInv}
rElec   .            g - +0 cloak
rCorr   .            (no gloves)
SInv    +            q - +0 pair of boots
Will    +....        i - amulet of faith
Stlth   ++           t - ring of Vodka {EV+5 Int+2 Slay+3 Stlth+}
HPRegen 1.24/turn    X - ring of poison resistance
MPRegen 0.14/turn

%: faith
@: grasped by roots, constricted
A: horns 2, retaliatory headbutt
a: Renounce Religion, Evoke Blink, Berserk, Trog's Hand, Brothers in Arms


You were on level 12 of the Dungeon.
You worshipped Trog.
Trog was extremely pleased with you.
You visited 8 branches of the dungeon, and saw 24 of its levels.

You collected 2113 gold pieces.

Inventory:

Hand Weapons
 a - a +4 broad axe of flaming
 A - the +8 mace "Demon's Doom" (weapon) {venom, *Noise +Blink rPois rN+++}
   (You found it on level 5 of the Lair of Beasts)

   rPois:     It protects you from poison.
   rN+++:     It renders you almost immune to negative energy.
   +Blink:    It lets you blink.
   *Noise:    It may make a loud noise when swung.
 M - a +4 battleaxe
 N - the +8 spear "Ciacs" {pain, rF++ rN+ Stlth-}
   (You found it on level 7 of the Dungeon)

   rF++:      It greatly protects you from fire.
   rN+:       It protects you from negative energy.
   Stlth-:    It makes you less stealthy.
Missiles
 h - 83 stones (quivered)
 P - 9 curare-tipped darts
Armour
 g - a +0 cloak (worn)
 q - a +0 pair of boots (worn)
 v - a +0 kite shield (worn)
 C - a +1 plate armour of cold resistance
 O - an orb of light
 Q - the +1 ring mail of Pessimism (worn) {Regen+ Str+3 Int+4}
   (You found it on level 10 of the Dungeon)

   Str+3:     It affects your strength (+3).
   Int+4:     It affects your intelligence (+4).
   Regen+:    It increases your rate of health regeneration.
 S - a +1 hat of see invisible (worn)
Jewellery
 i - an amulet of faith (around neck)
 t - the ring of Vodka (left hand) {EV+5 Int+2 Slay+3 Stlth+}
   (You found it on level 3 of the Dungeon)

   [ring of evasion]

   EV+5:      It affects your evasion (+5).
   Int+2:     It affects your intelligence (+2).
   Slay+3:    It affects your accuracy & damage with ranged weapons and melee
   (+3).
   Stlth+:    It makes you more stealthy.
 w - a ring of flight
 z - a +5 ring of evasion
 B - the ring "Bobleot" {Wiz +Blink Str+5}
   (You found it on level 3 of the Dungeon)

   [ring of wizardry]

   Wiz:       It improves your spell success rate.
   Str+5:     It affects your strength (+5).
   +Blink:    It lets you blink.
 F - a ring of resist corrosion
 K - a ring of protection from cold
 U - an amulet of the acrobat
 W - a ring of protection from cold
 X - a ring of poison resistance (right hand)
Wands
 d - a wand of flame (38)
 y - a wand of iceblast (18)
 H - a wand of charming (3)
 I - a wand of mindburst (1)
Scrolls
 b - a scroll of summoning
 e - 3 scrolls of enchant weapon
 j - 2 scrolls of fog
 l - 2 scrolls of fear
 o - 6 scrolls of teleportation
 x - a scroll of revelation
 R - a scroll of torment {unknown}
 T - a scroll of enchant armour {unknown}
 V - a scroll of silence {unknown}
 Y - a scroll of acquirement {unknown}
 Z - a scroll of noise {unknown}
Potions
 c - 3 potions of attraction
 f - 6 potions of heal wounds
 k - 4 potions of curing
 m - a potion of invisibility {unknown}
 n - 3 potions of enlightenment
 p - a potion of ambrosia {unknown}
 r - 2 potions of haste {unknown}
 s - 2 potions of resistance {unknown}
 u - 3 potions of cancellation
 L - 3 potions of might {unknown}
Miscellaneous
 D - a lightning rod (4/4)
 E - a phial of floods
 G - a condenser vane


   Skills:
 + Level 17.6 Fighting
 + Level 5.1(10.4) Axes
 - Level 14.0(14.3) Maces & Flails
 - Level 10.1 Throwing
 + Level 12.8 Armour
 - Level 2.1 Dodging
 + Level 11.6 Shields
 - Level 9.1 Evocations


You had 14 spell levels left.
You didn't know any spells.
Your spell library contained the following spells:

 Spells                   Type           Power      Damage    Failure   Level
 Apportation              Tloc           0%         N/A       58%         1
 Freeze                   Ice            0%         1d3       58%         1
 Magic Dart               Conj           0%         1d3       58%         1
 Necrotise                Necr           0%         1d4       58%         1
 Sting                    Conj/Alch      0%         1d3       58%         1
 Summon Small Mammal      Summ           0%         N/A       58%         1
 Scorch                   Fire           0%         2d5       73%         2
 Searing Ray              Conj           0%         2d4       73%         2
 Dazzling Flash           Conj/Hex       0%         N/A       91%         3
 Frozen Ramparts          Ice            0%         1d1       91%         3
 Fugue of the Fallen      Necr           0%         N/A       91%         3
 Hailstorm                Conj/Ice       0%         3d5       91%         3
 Ozocubu's Armour         Ice            0%         N/A       91%         3
 Cause Fear               Hex            0%         N/A       100%        4
 Flame Wave               Conj/Fire      0%         2d4       100%        4
 Fulminant Prism          Conj/Alch      0%         3d5       100%        4
 Fireball                 Conj/Fire      0%         3d3       100%        5
 Starburst                Conj/Fire      0%         6d3       100%        6
 Summon Cactus Giant      Summ           0%         N/A       100%        6
 Malign Gateway           Summ/Tloc      0%         N/A       100%        7
 Manifold Assault         Tloc           0%         N/A       100%        7
 Maxwell's Capacitive Co  Air            0%         ∞         100%        8
 Summon Horrible Things   Summ           0%         N/A       100%        8
 Dragon's Call            Summ           0%         N/A       100%        9


Dungeon Overview and Level Annotations

Branches:
Dungeon (12/15)            Temple (1/1) D:6            Lair (5/5) D:10
  Swamp (1/4) Lair:2        Snake (1/4) Lair:2        Slime (1/5) Lair:4
    Orc (2/2) D:10            Elf (1/3) Orc:2

Altars:
Ashenzari
Cheibriados
Dithmenos
Elyvilon
Fedhas
Gozag
Hepliaklqana
Kikubaaqudgha
Makhleb
Nemelex Xobeh
Okawaru
Qazlal
Ru
Sif Muna
Trog
Uskayaw
Vehumet
Wu Jian
Xom
Yredelemnul
Zin
The Shining One
Beogh

Shops:
D:8 =(   Orc:2 (:[*

Portals:
Hell: Lair:5

Annotations:
D:12 Jorgrun
Lair:3 1 runed translucent door, Gaujesse's ghost, adept HuCj
Lair:4 exclusion: downstairs
Lair:5 exclusion: ice statue


Innate Abilities, Weirdness & Mutations

You have a pair of horns on your head.
You reflexively headbutt those who attack you in melee.


Message History

Trog accepts your kill.
You bludgeon the slime creature!! You headbutt the slime creature!
The slime creature is severely wounded.
Two slime creatures merge to form a large slime creature.
Some rock shatters into small pieces.
Jorgrun Earthshaker comes into view.
He is wielding a staff of earth.
You bludgeon the large slime creature!!
Your mace "Demon's Doom" says, "I'm bored."
You headbutt the large slime creature!
The large slime creature is heavily wounded.
You hear two shouts!
Jorgrun mutters some incantations to himself.
Jorgrun points at you and mumbles some strange words.
Roots burst forth from the earth!
The grasping roots grab you! The grasping roots constrict you.
The roots' grasp on you weakens, but your attempt to escape fails.
The large slime creature hits you. The grasping roots constrict you.
The roots' grasp on you weakens, but your attempt to escape fails.
The large slime creature hits you!!! Jorgrun hits you with a staff of earth.
The ground beneath you fractures!! The grasping roots constrict you.
Your ogre goes berserk!
You block the large slime creature's attack.
Jorgrun completely misses you. The grasping roots constrict you.
You bludgeon Jorgrun!!
Jorgrun is lightly wounded.
Your ogre misses Jorgrun. You bludgeon Jorgrun!!
Jorgrun looks as sick as possible!
Your headbutt misses Jorgrun.
Jorgrun is moderately wounded.
The large slime creature hits you but does no damage.
You block Jorgrun's attack. The grasping roots constrict you!
You hit Jorgrun.
Jorgrun looks as sick as possible!
Jorgrun is moderately wounded.
Your ogre closely misses Jorgrun.
Jorgrun points at you and mumbles some strange words.
The iron shot hits you!!!
* * * LOW HITPOINT WARNING * * *
The grasping roots constrict you. The large slime creature hits you!!
You die...

# .# ####.#
#.... #... ##
#.. .. #J#.#
#@gO# #.#.#
..# # ### .#.#
#.#.##.# #..#
#.# #.# #.#
##.####.####.#
.......<...#.#


You could see Jorgrun (extremely poisoned, ally target), a large slime creature
and a friendly ogre (summoned, berserk).

Vanquished Creatures
  2 orc warlords
  A dire elephant (Lair:5)
  Josephine (Orc:1)
  2 hydras (Lair:5)
  A dancing weapon (Elf:1)
  Erica (Lair:2)
  2 catoblepae
  A boulder beetle (Lair:5)
  3 two-headed ogres
  4 orc high priests
  Sonja (D:10)
  Urug (Lair:2)
  2 deep elf knights (Elf:1)
  A skyshark (Lair:3)
  An arcanist (Lair:5)
  A deep elf archer (Elf:1)
  2 mana vipers (Snake:1)
  An obsidian bat (Orc:1)
  Pikel (D:4)
  7 orc knights
  A lindwurm (Lair:4)
  2 orc sorcerers (Orc:1)
  A manticore (D:11)
  7 elephants
  A smoke demon (Lair:5)
  3 black mambas
  A gargoyle (D:10)
  A kobold blastminer (Orc:2)
  A torpor snail (Lair:3)
  11 cane toads
  An unseen horror (D:11)
  5 rime drakes
  13 komodo dragons
  A red devil (Lair:5)
  An ice devil (Lair:5)
  5 trolls
  Grinder (D:4)
  A hornet (D:10)
  Prince Ribbit (D:6)
  17 blink frogs
  3 polar bears (Lair:5)
  5 dream sheep (Lair:5)
  10 slime creatures
  74 yaks
  6 wyverns
  A shadow (D:10)
  4 wraiths
  2 basilisks (Lair:5)
  3 wargs (Orc:1)
  4 vampire mosquitoes (D:11)
  4 nagas
  Edmund (D:5)
  A hell hound (Lair:5)
  13 water moccasins
  2 acid dragons
  42 orc warriors
  Duvessa (D:4)
  8 ice beasts
  A sky beast (D:6)
  2 black bears
  5 ogres
  4 wolves (Lair:2)
  2 centaurs
  A lemure (D:4)
  A kobold brigand (D:10)
  13 bullfrogs
  A gnoll sergeant (D:9)
  3 scorpions
  5 wights
  Dowan (D:4)
  23 killer bees
  3 electric eels
  2 howler monkeys (D:6)
  3 bombardier beetles
  3 hounds
  3 jellies
  23 orc priests
  An iguana (D:4)
  3 sleepcaps
  27 orc wizards
  A hell rat (Lair:5)
  2 adders
  3 gnolls (D:9)
  A river rat (D:5)
  A white imp (Lair:5)
  4 ufetubi
  A ribbon worm (D:2)
  3 dart slugs
  54 orcs
  8 bats
  4 endoplasms
  15 giant cockroaches
  4 goblins
  7 hobgoblins
  3 jackals (D:2)
  7 kobolds
  2 quokkas (D:5)
  8 ball pythons
  2 frilled lizards (D:1)
  6 rats
  2 rat zombies (D:4)
563 creatures vanquished.

Vanquished Creatures (collateral kills)
  Gastronok (Lair:2)
  An orc warlord (Orc:2)
  A dire elephant (Lair:5)
  A hydra (Lair:2)
  Erolcha (Orc:2)
  A boulder beetle (Lair:2)
  A two-headed ogre (D:10)
  A skyshark (Lair:5)
  A sixfirhy (Lair:5)
  2 elephants (Lair:4)
  A kobold blastminer (Orc:2)
  The ghost of Domino the Cleaver, a novice MDFi of Qazlal (D:5)
  2 cane toads (Lair:2)
  An orange demon (Lair:5)
  A komodo dragon (Lair:4)
  2 ice devils (Lair:5)
  A polar bear (Lair:2)
  A basilisk (Lair:5)
  3 hell hounds (Lair:5)
  6 orc warriors
  A phantom (D:5)
  A killer bee (D:8)
  6 hell rats (Lair:5)
  A white imp (D:8)
  An orc (Orc:1)
40 creatures vanquished.

Vanquished Creatures (others)
  An orc priest (Orc:2)
1 creature vanquished.

Grand Total: 604 creatures vanquished

Notes
Turn   | Place    | Note
-------+----------+-------------------------------------------
     0 | D:1      | ketsa the Minotaur Berserker began the quest for the Orb.
     0 | D:1      | Reached XP level 1. HP: 19/19 MP: 0/0
   220 | D:1      | Reached XP level 2. HP: 27/27 MP: 1/1
   415 | D:1      | Reached skill level 4 in Fighting
   681 | D:1      | Upgraded the game from 0.32-a0-656-g3542139ebd to
                  | 0.32-a0-872-g59262bdc9b
   760 | D:2      | Reached XP level 3. HP: 18/33 MP: 2/2
  1117 | D:2      | Reached ** piety under Trog
  1766 | D:3      | Noticed a +0 spear
  1766 | D:3      | Noticed a +0 short sword
  1766 | D:3      | Noticed a +0 falchion
  1767 | D:3      | Noticed a +0 dagger
  1768 | D:3      | Noticed a +0 short sword
  1768 | D:3      | Noticed a +0 dagger
  1770 | D:3      | Noticed a +0 falchion
  1791 | D:3      | Noticed a +0 spear
  1799 | D:3      | Found a hide-covered altar of Uskayaw.
  1878 | D:3      | Reached skill level 5 in Maces & Flails
  1878 | D:3      | Reached XP level 4. HP: 41/41 MP: 3/3
  1904 | D:3      | Identified the ring of Vodka {EV+5 Int+2 Slay+3 Stlth+}
  2407 | D:3      | Identified the ring "Bobleot" {Wiz +Blink Str+5}
  2561 | D:3      | Found an ancient bone altar of Kikubaaqudgha.
  2700 | D:4      | Noticed Duvessa
  2794 | D:4      | Noticed a scorpion
  2799 | D:4      | Killed a scorpion
  2800 | D:4      | Reached skill level 1 in Shields
  2800 | D:4      | Reached XP level 5. HP: 47/47 MP: 4/4
  2885 | D:4      | Noticed Grinder
  2885 | D:4      | Noticed a lemure
  3028 | D:4      | Found a stormy altar of Qazlal.
  3059 | D:5      | Entered Level 5 of the Dungeon
  3144 | D:6      | Noticed a two-headed ogre
  3152 | D:6      | HP: 1/70 [two-headed ogre/+0 giant club (19)]
  3154 | D:6      | Killed a two-headed ogre
  3155 | D:6      | Reached skill level 6 in Fighting
  3155 | D:6      | Reached XP level 6. HP: 2/57 MP: 5/5
  3155 | D:6      | Reached XP level 7. HP: 2/63 MP: 6/6
  3487 | D:4      | Noticed Dowan
  3498 | D:4      | Killed Duvessa
  3502 | D:4      | Killed Dowan
  3603 | D:4      | Found a shimmering blue altar of Sif Muna.
  3649 | D:4      | Noticed Pikel
  3665 | D:4      | Killed Pikel
  3666 | D:4      | Reached skill level 7 in Fighting
  3666 | D:4      | Reached skill level 5 in Shields
  3666 | D:4      | Reached XP level 8. HP: 73/73 MP: 7/7
  4066 | D:4      | Killed Grinder
  4067 | D:4      | Reached skill level 10 in Maces & Flails
  4373 | D:5      | Reached *** piety under Trog
  4419 | D:5      | Noticed Edmund
  4428 | D:5      | Killed Edmund
  4518 | D:5      | Reached skill level 8 in Fighting
  4825 | D:5      | Found a runed translucent gate.
  4825 | D:5      | Found a runed translucent gate.
  4825 | D:5      | Found a runed translucent gate.
  4827 | D:5      | Noticed Domino's ghost (novice MDFi)
  4953 | D:5      | Reached XP level 9. HP: 81/81 MP: 8/8
  5323 | D:6      | Found a staircase to the Ecumenical Temple.
  5337 | Temple   | Entered the Ecumenical Temple
  5664 | D:6      | Noticed Prince Ribbit
  5673 | D:6      | Killed Prince Ribbit
  5794 | D:6      | Found a burning altar of Makhleb.
  6210 | D:7      | Reached skill level 9 in Fighting
  6274 | D:7      | Reached **** piety under Trog
  6287 | D:6      | Found a blossoming altar of Fedhas.
  6287 | D:6      | Found an iron altar of Okawaru.
  6732 | D:7      | Reached skill level 5 in Armour
  7228 | D:7      | Identified the +8 spear "Ciacs" {pain, rF++ rN+ Stlth-}
  7253 | D:7      | Reached skill level 10 in Fighting
  7258 | D:7      | Found a broken altar of Ashenzari.
  7331 | D:7      | You fall into a shaft and drop 2 floors!
  7976 | D:8      | Found Ziniq's Jewellery Shop.
  8060 | D:7      | Reached XP level 10. HP: 86/94 MP: 9/9
  8609 | D:7      | Reached skill level 11 in Fighting
  8757 | D:8      | Identified the +9 dagger "Gioq" {pain, *Rage rElec rC+
                  | Str+2}
  8825 | D:8      | Found Xoku's Antique Weapon Shop.
  9082 | D:9      | Reached ***** piety under Trog
  9174 | D:9      | Reached skill level 12 in Fighting
  9630 | D:10     | Entered Level 10 of the Dungeon
  9697 | D:10     | Found a staircase to the Orcish Mines.
  9852 | D:10     | Noticed a gargoyle
  9859 | D:10     | Killed a gargoyle
 10111 | D:10     | Identified the +1 ring mail of Pessimism {Regen+ Str+3
                  | Int+4}
 10115 | D:10     | Noticed Sonja
 10125 | D:10     | Killed Sonja
 10126 | D:10     | Reached XP level 11. HP: 97/106 MP: 10/10
 10469 | D:10     | Reached skill level 13 in Fighting
 10504 | D:10     | Found a staircase to the Lair.
 10709 | D:10     | Noticed a two-headed ogre
 10715 | D:10     | Killed a two-headed ogre
 10785 | D:10     | Reached skill level 10 in Shields
 11506 | Lair:1   | Entered Level 1 of the Lair of Beasts
 11522 | D:10     | Reached skill level 14 in Fighting
 11585 | Lair:1   | Reached skill level 1 in Evocations
 11621 | Lair:2   | Noticed Gastronok
 11629 | Lair:2   | Killed Gastronok
 11670 | Lair:2   | Reached skill level 5 in Evocations
 11764 | Lair:2   | Noticed a seven-headed hydra
 11859 | Lair:1   | Reached XP level 12. HP: 73/117 MP: 11/11
 12186 | Lair:1   | Found a frozen archway.
 12874 | Lair:2   | Noticed Urug
 12898 | Lair:2   | Killed Urug
 12926 | Lair:2   | Found a staircase to the Swamp.
 12937 | Lair:2   | Noticed Erica
 12953 | Lair:2   | Killed Erica
 13089 | Swamp:1  | Entered Level 1 of the Swamp
 13440 | Lair:2   | Noticed a catoblepas
 13471 | Lair:2   | Killed a catoblepas
 13614 | Lair:2   | Noticed a boulder beetle
 13626 | Lair:2   | Killed a boulder beetle
 13851 | Lair:2   | Reached skill level 10 in Armour
 13931 | Lair:2   | Killed a seven-headed hydra
 14260 | Lair:3   | Identified the +0 robe of Rutwah {rC+ rN+ Str-4 Int+2}
 14321 | Lair:3   | Found a shimmering altar of Xom.
 14321 | Lair:3   | Noticed Gaujesse's ghost (adept HuCj)
 14322 | Lair:3   | Found a runed translucent door.
 14340 | Lair:3   | Reached skill level 1 in Throwing
 14452 | Lair:3   | Reached XP level 13. HP: 107/124 MP: 12/12
 15033 | D:5      | Killed Domino's ghost
 15346 | Lair:2   | Found a staircase to the Snake Pit.
 15397 | Lair:2   | Reached skill level 5 in Throwing
 15425 | Snake:1  | Entered Level 1 of the Snake Pit
 16441 | Lair:4   | Found a staircase to the Slime Pits.
 16497 | Slime:1  | Entered Level 1 of the Pits of Slime
 17246 | Lair:5   | Entered Level 5 of the Lair of Beasts
 17598 | Lair:5   | Reached skill level 10 in Throwing
 17831 | Lair:5   | Received a gift from Trog
 17978 | Lair:5   | Reached skill level 15 in Fighting
 18125 | Lair:5   | Reached XP level 14. HP: 104/135 MP: 13/13
 18617 | Lair:5   | Reached skill level 16 in Fighting
 18993 | Lair:5   | Found a burning altar of Makhleb.
 19098 | Lair:5   | Found a gateway to Hell.
 19105 | Lair:5   | Identified the +8 mace "Demon's Doom" {venom, *Noise +Blink
                  | rPois rN+++}
 19712 | Orc:1    | Entered Level 1 of the Orcish Mines
 20058 | Orc:2    | Entered Level 2 of the Orcish Mines
 20058 | Orc:2    | Noticed Josephine
 20115 | Orc:1    | Killed Josephine
 20453 | Orc:2    | Found a gate leading to a gauntlet.
 20458 | Orc:2    | Noticed an orc warlord
 20521 | Orc:2    | Killed an orc warlord
 20527 | Orc:2    | Found a roughly hewn altar of Beogh.
 20530 | Orc:2    | Noticed Erolcha
 20535 | Orc:2    | Killed Erolcha
 20545 | Orc:2    | Found Tele's Book Emporium.
 20547 | Orc:2    | Reached skill level 17 in Fighting
 20550 | Orc:2    | Reached skill level 1 in Axes
 20739 | Orc:2    | Found Zuwimump's Antique Weapon Shoppe.
 20787 | Orc:2    | Found Godwoor's Antique Armour Emporium.
 20840 | Orc:2    | Found a staircase to the Elven Halls.
 20873 | Orc:2    | Found Jemuclad's General Store.
 20979 | Elf:1    | Entered Level 1 of the Elven Halls
 20991 | Elf:1    | Found an ancient bone altar of Kikubaaqudgha.
 21186 | Orc:1    | Noticed an orc warlord
 21199 | Orc:1    | Received a gift from Trog
 21210 | Orc:1    | Killed an orc warlord
 21212 | Orc:1    | Noticed an orc warlord
 21371 | Orc:2    | Killed an orc warlord
 21544 | Orc:1    | Reached XP level 15. HP: 108/147 MP: 14/14
 21715 | Orc:1    | Received a gift from Trog
 22193 | D:11     | Reached skill level 5 in Axes
 22491 | D:12     | Noticed Jorgrun
 22497 | D:12     | Mangled by a large slime creature

Illustrated notes

Levels and vault maps discovered:
D:1:      tekkud_arrival_beachfront_property, layout_loops_cross,
          dreamdust_mushroom_princess, minmay_misc_feat_tiny, minmay_misc_feat_x
D:2:      layout_loops_ring, amethyst_killhole
D:3:      minmay_roachtagon, layout_basic, nicolae_uskayaw_en_pointe,
          lemuel_tele_altar
D:4:      layout_layer_cave, mainiacjoe_overflow_surrounded_room,
          nicolae_overflow_crystal_walls, enter_ossuary_4, uniq_grinder,
          uniq_duvessa, uniq_pikel
D:5:      kennysheep_spiral_hall, layout_basic, gammafunk_ghost_split,
          gup_sewer_entry_bubbles, minmay_liquid_box,
          hangedman_abyss_or_decor_passed, uniq_edmund
D:6:      layout_basic, nicolae_overflow_hidden_temple,
          mainiacjoe_overflow_alcove_2, minmay_temple_entry_tees,
          uniq_prince_ribbit1
D:7:      layout_basic, ashenzari_conservatory_becter,
          minmay_misc_feat_four_crosses, kennysheep_flooded_box,
          dk_noncrumbling_2
D:8:      layout_cave_pools, serial_shops, nicolae_shop_stone, shop,
          nicolae_concentric_dashed_squares_mild
D:9:      layout_cave_pools, grunt_decor_arrowhead, nicolae_figureground_pulse
D:10:     layout_loops_ring, minmay_lair_entry_grove, david_orc_3, uniq_sonja
D:11:     layout_cave_pools
D:12:     layout_basic, hangedman_cracks_in_the_wall, uniq_jorgrun
Temple:   dpeg_chambers_temple
Lair:1:   layout_gridlike, portal_ice_cave_entry_pillars_1
Lair:2:   layout_hall_layers, swamp_mist, guppyfry_snake_entry_garden,
          serial_bayou_shore_a, lemuel_fruit_fields, grunt_megastairs_3,
          infiniplex_staircase_pool, uniq_gastronok, uniq_erica, uniq_urug
Lair:3:   layout_loops_ring, ebering_ghost_xom, beast_lair_carwin_11,
          grunt_megastairs_2
Lair:4:   layout_gridlike, minmay_slime_entry_pillars
Lair:5:   evil_forest, layout_misc_corridors, ice2_lemuel
Swamp:1:  layout_basic_swamp, nicolae_swamp_round_clearing, swamp_pool_3
Snake:1:  layout_honeycomb, basic_altar, uniq_aizul
Slime:1:  layout_caves, basic_altar, special_room [special_room_jelly]
Orc:1:    layout_diamond_mine, minmay_orc_treasury
Orc:2:    grunt_orc_gardens, layout_caves, grunt_orc_garden, grunt_orc_garden,
          grunt_orc_garden, grunt_orc_garden, basic_altar,
          gauntlet_entry_generic, uniq_josephine, uniq_erolcha
Elf:1:    minmay_the_grid_octo_2x2 [minmay_the_grid_octo_teeth,
          minmay_the_grid_octo_checkerflower, minmay_the_grid_octo_focus,
          minmay_the_grid_octo_prize_square_snowflake], layout_onion_city,
          serial_sigils, serial_sigils_hangedman_writhe,
          serial_sigils_hangedman_stare, serial_sigils_hangedman_etch,
          serial_sigils_hangedman_shear, basic_altar

Skill      XL: |  1  2  3  4  5  6  7  8  9 10 11 12 13 14 15 |
---------------+----------------------------------------------+-----
Maces & Flails | 4 5 8 9 11 12 14 | 14.0
Fighting       | 4 6 7 8 10 12 14 15 17 | 17.6
Armour         | 3 6 7 11 12 | 12.8
Shields        | 1 3 5 8 10 11 | 11.6
Evocations     | 6 9 |  9.1
Throwing       | 2 10 | 10.1
Axes           | 4 5 |  5.1
Dodging        | |  2.1

Action                     |  1- 3 |  4- 6 |  7- 9 | 10-12 | 13-15 || total
---------------------------+-------+-------+-------+-------+-------++-------
  Melee: Mace              |   100 |    36 |    26 |       |   437 ||   599
         Headbutt          |    16 |     6 |    39 |   169 |   313 ||   543
         Whip              |       |       |   214 |   660 |   648 ||  1522
  Throw: Stone             |     6 |     7 |     3 |     7 |    12 ||    35
 Invoke: Berserk           |     1 |     2 |     9 |    10 |     2 ||    24
         Trog's Hand       |       |       |       |     3 |     7 ||    10
         Brothers in Arms  |       |       |       |     5 |    11 ||    16
  Evoke: Wand              |       |       |     1 |       |     5 ||     6
    Use: Scroll            |       |     7 |     4 |       |     9 ||    20
         Potion            |       |       |     1 |       |     1 ||     2
   Stab: Distracted        |     1 |       |     1 |     1 |     1 ||     4
         Sleeping          |       |     5 |       |       |       ||     5
 Armour: Animal skin       |    63 |    13 |    13 |       |       ||    89
         Ring mail         |       |       |    78 |   228 |   511 ||   817
  Dodge: Dodged            |    68 |    17 |    94 |   191 |   454 ||   824
  Block: Kite shield       |       |     1 |    96 |   211 |   511 ||   819

Table legend: (Time is in decaauts)
 A = Elapsed time spent in this place.
 B = Non-inter-level travel time spent in this place.
 C = Inter-level travel time spent in this place.
 D = Time resting spent in this place.
 E = Time spent auto-exploring this place.
 F = Levels seen in this place.
 G = Mean time per level.
                   A        B        C        D        E       F      G
               +--------+--------+--------+--------+--------+-----+--------+
         Total |  22149 |  20554 |   1595 |   5428 |   8762 |  24 |  922.9 |
       Dungeon |  12447 |  11646 |    801 |   3168 |   5431 |  12 | 1037.2 |
        Temple |      1 |      1 |      0 |      0 |      0 |   1 |    1.0 |
          Lair |   7204 |   6521 |    683 |   1498 |   2763 |   5 | 1440.8 |
         Swamp |      6 |      6 |      0 |      0 |      0 |   1 |    6.0 |
     Snake Pit |    259 |    240 |     19 |     79 |     83 |   1 |  259.0 |
    Slime Pits |      5 |      5 |      0 |      0 |      0 |   1 |    5.0 |
  Orcish Mines |   2198 |   2106 |     92 |    683 |    485 |   2 | 1099.0 |
   Elven Halls |     25 |     25 |      0 |      0 |      0 |   1 |   25.0 |
               +--------+--------+--------+--------+--------+-----+--------+

Top non-repeatable levels by time:
    D:10: 2017 daAuts
  Lair:5: 1835 daAuts
     D:6: 1808 daAuts
  Lair:2: 1540 daAuts
     D:7: 1448 daAuts
     D:5: 1382 daAuts
  Lair:4: 1334 daAuts
     D:4: 1333 daAuts
  Lair:3: 1310 daAuts
   Orc:1: 1286 daAuts
  Lair:1: 1182 daAuts
     D:3: 1062 daAuts
     D:2: 919 daAuts
   Orc:2: 911 daAuts
     D:1: 719 daAuts
